 Dungeon Crawl Stone Soup version 0.22-a0-117-g314b907 (webtiles) character file.

773 sankara the Covert (level 7, -3/52 HPs)
             Began as a Vampire Assassin on Jan 28, 2018.
             Was an Initiate of Trog.
             Slain by a hippogriff (8 damage)
             ... on level 5 of the Dungeon on Jan 29, 2018.
             The game lasted 00:10:59 (3687 turns).

sankara the Covert (Vampire Assassin)               Turns: 3687, Time: 00:11:00

Health: -3/52      AC:  6    Str: 10    XL:     7   Next: 53%
Magic:  7/7        EV: 14    Int: 13    God:    Trog [......]
Gold:   190        SH:  0    Dex: 18    Spells: 6/6 levels left

rFire    + . .     SeeInvis +   b - +0 blowgun
rCold    + . .     Gourm    .   (no shield)
rNeg     + + .     Faith    .   v - +2 robe {rF+}
rPois    +         Spirit   .   (no helmet)
rElec    .         Reflect  .   g - +0 cloak
rCorr    .         Harm     .   w - +0 pair of gloves
MR       .....                  (no boots)
Stlth    +++++.....             (no amulet)
HPRegen  0.08/turn              q - ring of flight
MPRegen  0.10/turn              (no ring)

@: regenerating slowly
A: fangs 3, see invisible, unbreathing
a: Bat Form, Burn Spellbooks, Renounce Religion, Evoke Flight


You were on level 5 of the Dungeon.
You worshipped Trog.
Trog was noncommittal.
You were very thirsty.

You visited 2 branches of the dungeon, and saw 6 of its levels.

You collected 190 gold pieces.

Inventory:

Hand Weapons
 a - a +2 dagger
 b - a +0 blowgun (weapon)
 c - a +0 hunting sling
Missiles
 e - 14 poisoned needles (quivered)
 f - 2 curare-tipped needles
 h - 101 stones
 k - 5 tomahawks
 l - 19 sling bullets
 x - 8 tomahawks of returning
Armour
 g - a +0 cloak (worn)
 v - a +2 robe of fire resistance (worn)
 w - a +0 pair of gloves (worn)
Jewellery
 q - a ring of flight (left hand)
Wands
 j - a wand of digging (21)
 u - a wand of iceblast (5)
Scrolls
 m - 2 scrolls of remove curse {unknown}
 n - 4 scrolls of identify {unknown}
 p - a scroll of teleportation {unknown}
 t - a scroll of random uselessness {unknown}
Potions
 d - 14 potions of blood
 r - a potion of brilliance


   Skills:
 + Level 3.4 Fighting
 - Level 2.1 Short Blades
 + Level 4.6 Throwing
 + Level 3.7 Dodging
 - Level 9.0 Stealth


You had 6 spell levels left.
You didn't know any spells.

Dungeon Overview and Level Annotations

Branches:
Dungeon (6/15)             Temple (1/1) D:5

Altars:
Ashenzari
Fedhas
Hepliaklqana
Kikubaaqudgha
Makhleb
Nemelex Xobeh
Okawaru
Sif Muna
Trog
Uskayaw
Vehumet
Wu Jian
Xom
Zin


Innate Abilities, Weirdness & Mutations

You heal slowly.
You have razor-sharp teeth.
You have supernaturally acute eyesight. (SInv)
You can survive without breathing.


Message History

The hippogriff is heavily wounded.
The hippogriff bites you! The hippogriff pecks you. The hippogriff claws you.
The hippogriff bites you!
* * * LOW HITPOINT WARNING * * *
The hippogriff pecks you.
* * * LOW HITPOINT WARNING * * *
The hippogriff barely misses you.
Okay, then.
Wield which item (- for none, * to show all)? (? for menu, Esc to quit)
b - a +0 blowgun (weapon)
You are too injured to fight recklessly!
Firing (i - inventory. (,) - cycle):
e - 15 poisoned needles (quivered)
Press: ? - help, Shift-Dir - straight line, f/p - hippogriff
Aim: a hippogriff (severely wounded, poisoned)
You shoot a poisoned needle.
The poisoned needle hits the hippogriff.
The hippogriff looks as sick as possible!
The hippogriff is severely wounded.
The hippogriff bites you!
You die...

#.# #.# #.# #.#
#.# #.# #.# #..
#H# #.# #@# #.#
#.# #.# #.#
###.### #.######
#######
#......####⌠.⌠####
#.####....'.>.#...
#.# ######⌠.⌠####
#.# ###'### #.#
###.###


You could see a hippogriff.

Vanquished Creatures
  Sigmund (D:2)
  A sky beast (D:6)
  An ogre (D:5)
  A centaur (D:6)
  A bullfrog (D:6)
  A scorpion (D:6)
  A hound (D:6)
  2 worker ants (D:6)
  2 orc wizards (D:5)
  A worker ant zombie (D:5)
  7 adders
  2 dart slugs (D:1)
  A worm (D:2)
  A leopard gecko (D:6)
  4 orcs
  3 giant cockroaches
  A goblin (D:2)
  5 hobgoblins
  4 jackals
  A ball python (D:2)
  4 bats
  2 frilled lizards
  3 kobolds (D:1)
  5 rats
55 creatures vanquished.

Notes
Turn   | Place    | Note
-------+----------+-------------------------------------------
     0 | D:1      | sankara the Vampire Assassin began the quest for the Orb.
     0 | D:1      | Reached XP level 1. HP: 16/16 MP: 1/1
    77 | D:1      | Reached skill level 6 in Stealth
   296 | D:1      | Reached XP level 2. HP: 22/22 MP: 2/2
   756 | D:2      | Found a glowing silver altar of Zin.
   756 | D:2      | Noticed an angel
   804 | D:2      | Reached XP level 3. HP: 27/27 MP: 3/3
   878 | D:2      | Reached skill level 7 in Stealth
  1135 | D:2      | Found a shimmering altar of Xom.
  1148 | D:2      | Reached XP level 4. HP: 31/33 MP: 4/4
  1202 | D:2      | Noticed Sigmund
  1208 | D:2      | Killed Sigmund
  1208 | D:2      | Reached skill level 8 in Stealth
  1208 | D:2      | Reached XP level 5. HP: 38/38 MP: 5/5
  1633 | D:3      | You fall through a shaft for 3 floors!
  1736 | D:6      | Reached XP level 6. HP: 44/44 MP: 6/6
  1795 | D:6      | Noticed a sky beast
  1797 | D:6      | Reached skill level 9 in Stealth
  1854 | D:6      | Killed a sky beast
  2306 | D:6      | Reached XP level 7. HP: 51/51 MP: 7/7
  2734 | D:5      | Entered Level 5 of the Dungeon
  3138 | D:5      | Found a staircase to the Ecumenical Temple.
  3143 | Temple   | Entered the Ecumenical Temple
  3373 | Temple   | Became a worshipper of Trog the Wrathful
  3376 | Temple   | Upgraded the game from 0.22-a0-113-gdd6f4a9 to 0.22-a0-117-g314b907
  3469 | D:5      | Found a hide-covered altar of Uskayaw.
  3663 | D:5      | Noticed a hippogriff
  3687 | D:5      | Slain by a hippogriff

Vault maps used:
D:1:      lightli_arrival_chessboard, lemuel_old_faithful
D:2:      grunt_temple_overflow_order_and_chaos_1, uniq_sigmund
D:3:      kennysheep_big_flooded_room
D:5:      dancing_weapons_uskayaw, old_standard_altar, temple_doors_e,
          first_ration, eino_small_chamber_without_monster, uniq_blork_the_orc
Temple:   minmay_temple_forest_path

Skill      XL: |  1  2  3  4  5  6  7 |
---------------+----------------------+-----
Stealth        | 6 7 8 9 |  9.0
Throwing       | 2 3 4 |  4.6
Fighting       | 2 3 |  3.4
Dodging        | 2 3 |  3.7
Short Blades   | |  2.1

Action                   |  1- 3 |  4- 6 |  7- 9 || total
-------------------------+-------+-------+-------++-------
Melee: Dagger            |    77 |    65 |    50 ||   192
       Bite              |    10 |     6 |     9 ||    25
 Fire: Blowgun           |       |       |     8 ||     8
       Hunting sling     |       |       |     7 ||     7
Throw: Stone             |     1 |       |       ||     1
Invok: Burn Spellbooks   |       |       |     1 ||     1
  Use: Potion            |       |     3 |     7 ||    10
 Stab: Sleeping          |    12 |     9 |     3 ||    24
Armor: Robe              |    16 |     7 |    13 ||    36
Dodge: Dodged            |    41 |    34 |    24 ||    99

Table legend:
 A = Spawn XP
 B = Non-spawn XP
 C = Spawn XP percentage of total XP
 D = Spawn monster count
 E = Non-spawn monster count
 F = Spawn count percentage of total count
 G = Total turns spent on level
                    A         B        C        D         E        F      G
               +---------+---------+-------+---------+---------+-------+---------
         Total |       0 |    1105 |   0.0 |       0 |      55 |   0.0 |  3687
               +---------+---------+-------+---------+---------+-------+---------
           D:1 |       0 |      30 |   0.0 |       0 |      17 |   0.0 |   791
           D:2 |       0 |     295 |   0.0 |       0 |      17 |   0.0 |   761
           D:3 |       0 |       2 |   0.0 |       0 |       1 |   0.0 |    81
           D:5 |       0 |     231 |   0.0 |       0 |       9 |   0.0 |   662
           D:6 |       0 |     547 |   0.0 |       0 |      11 |   0.0 |  1101
               +---------+---------+-------+---------+---------+-------+---------
